AoeStats
← certaingoosetragedy

Runestones

507593331Analyzed
1v1 RM · 15d ago on Sep 18, 2026· 37m 1s· 2 players
Game mode
Random Map
Map size
Tiny (2 player)
Population
200
Speed
Normal
Resources
Standard
Victory
Conquest
Starting age
Dark Age
Ending age
Imperial Age
RankedLock teamsTeams togetherTeam positionsShared explorationLock speedFull tech treeHidden civsTurbo modeCheats
Victory
Defeat
🇲🇽 Bengalis · Mexico
836
+15
🇺🇸 Franks · United States
818
-39
certaingoosetragedy
12:04 Feudal Age
17:59 Castle Age
16:49 Double-Bit Axe
20:51 Forging
27:11 Bow Saw
28:24 Wheelbarrow
29:17 Iron Casting
28:49 Scale Barding Armor
28:33 Crossbowman
29:10 Gold Mining
30:00 Fletching
32:30 Husbandry
34:04 Chain Barding Armor
mayo24ap
5:22 Loom
11:06 Feudal Age
11:35 Horse Collar
11:41 Double-Bit Axe
19:40 Castle Age
18:26 Padded Archer Armor
18:21 Fletching
22:19 Wheelbarrow
22:15 Pikeman
24:33 Hand Cart
24:35 Bow Saw
25:07 Forging
25:39 Redemption
28:16 Padded Archer Armor
28:11 Bodkin Arrow
28:50 Caravan
29:52 Heavy Plow
29:46 Gold Mining
29:46 Stone Mining
34:22 Imperial Age
32:40 Scale Mail Armor
33:40 Scale Barding Armor
34:06 Gambesons
34:23 Squires
Connection lost

Rejoining the realm…

Still unreachable

The connection could not be restored.

Session expired

The server has moved on; the page needs a fresh start.